 Dungeon Crawl Stone Soup version 0.26.0-16-gc1dbca0489 (webtiles) character file.

Game seed: 14873758679247738218

193 RedRedRas the Chopper (level 5, -2/48 HPs)
             Began as a Hill Orc Monk on Jan 18, 2021.
             Was a Believer of Beogh.
             Killed by nerve-wracking pain
             ... invoked by an orc priest
              (12 damage)
             ... on level 3 of the Dungeon.
             The game lasted 00:06:20 (2779 turns).

RedRedRas the Chopper (Hill Orc Monk)               Turns: 2779, Time: 00:06:21

Health: -2/48      AC:  6    Str: 15    XL:     5   Next: 72%
Magic:  5/5        EV: 10    Int: 10    God:    Beogh [**....]
Gold:   115        SH:  0    Dex: 13    Spells: 4/4 levels left

rFire    . . .     SeeInvis .   c - +3 dagger (drain)
rCold    . . .     Faith    .   (no shield)
rNeg     . . .     Spirit   .   e - +0 scale mail
rPois    .         Reflect  .   (no helmet)
rElec    .         Harm     .   (no cloak)
rCorr    .         Rampage  .   (no gloves)
Will     .....                  (no boots)
Stlth    ..........             (no amulet)
HPRegen  0.16/turn              (no ring)
MPRegen  0.09/turn              (no ring)

@: very slow
A: no striking features
a: Renounce Religion, Smiting


You were on level 3 of the Dungeon.
You worshipped Beogh.
Beogh was pleased with you.
You visited 1 branch of the dungeon, and saw 3 of its levels.
You also visited: Sewer.

You collected 115 gold pieces.

Inventory:

Hand Weapons
 a - a +0 hand axe
 c - a +3 dagger of draining (weapon)
 n - a +0 dagger of venom
Armour
 e - a +0 scale mail (worn)
Jewellery
 g - an uncursed ring of positive energy {unknown}
Scrolls
 d - 2 scrolls of fog
 f - a scroll of immolation
Potions
 b - a potion of cancellation {unknown}
 h - a potion of heal wounds {unknown}
 i - 3 potions of curing
 j - a potion of lignification {unknown}
 k - a potion of might {unknown}
 l - a potion of experience {unknown}
 m - 4 potions of flight {unknown}


   Skills:
 + Level 5.2 Fighting
 * Level 7.1 Axes
 - Level 2.4 Dodging
 - Level 1.5 Stealth


You had 4 spell levels left.
You didn't know any spells.
Your spell library was empty.

Dungeon Overview and Level Annotations

Branches:
Dungeon (3/15)              Sewer (visited)

Altars:
Sif Muna
Uskayaw


Message History

You hit the orc. You drain the orc.
You kill the orc!
Beogh accepts your kill.
You hear a splash. x3
Okay, then.
You enter the shallow water.
Moving in this stuff is going to be slow.
The orc priest closely misses you.
Items here: ) ? [ †.
You hit the orc priest.
The orc priest is moderately wounded.
The orc priest invokes the aid of Beogh against you.
Beogh smites you!
* * * LOW HITPOINT WARNING * * *
You hit the orc priest.
The orc priest is moderately wounded.
The orc priest mumbles some strange prayers to Beogh against you.
Pain shoots through your body!
You die...
Beogh appreciates the orc priest's killing of a heretic priest.

#.........#.##.##.
#.........#.##.#..
#≈#...............
#÷#####.###.##....
#o# #.###.#####.
#S# #..##.# #[ #o#
##.##.# #. #o#
#..#.# #. #@#
#####.#.# #. #.#
#.....#.# #≈#
#.....#.# #####
### #.......#
#..$# #.......#
#...# +.[..(..#
#...# #......(##
#...# #.###....#
#...# #####.#
#....#


You could see an orc priest, an adder and 2 orcs.

Vanquished Creatures
  A big kobold (Sewer)
  3 adders
  A river rat (Sewer)
  2 oozes
  A dart slug (D:1)
  A worm (D:2)
  2 leopard geckos
  2 orcs (D:3)
  7 bats
  A giant cockroach (D:2)
  15 goblins
  11 hobgoblins
  2 jackals (Sewer)
  A quokka (D:2)
  4 frilled lizards
  11 kobolds
  10 rats
75 creatures vanquished.

Vanquished Creatures (others)
  An orc (D:3)
  A hobgoblin (D:3)
  A plant (D:1)
3 creatures vanquished.

Grand Total: 78 creatures vanquished

Notes
Turn   | Place    | Note
-------+----------+-------------------------------------------
     0 | D:1      | RedRedRas the Hill Orc Monk began the quest for the Orb.
     0 | D:1      | Reached XP level 1. HP: 19/19 MP: 1/1
   179 | D:1      | Reached XP level 2. HP: 24/25 MP: 2/2
   628 | D:1      | Reached skill level 5 in Axes
   629 | D:1      | Reached XP level 3. HP: 22/33 MP: 3/3
  1139 | D:2      | Found a shimmering blue altar of Sif Muna.
  1451 | D:2      | Found a hide-covered altar of Uskayaw.
  1636 | D:2      | Reached XP level 4. HP: 40/41 MP: 4/4
  1772 | D:3      | Became a worshipper of Beogh the Brigand
  1772 | D:3      | Reached * piety under Beogh
  1772 | D:3      | Reached ** piety under Beogh
  1923 | D:3      | Reached skill level 6 in Axes
  2144 | D:3      | Found a glowing drain.
  2165 | Sewer    | Entered a sewer
  2508 | Sewer    | Noticed a big kobold
  2537 | Sewer    | Reached XP level 5. HP: 28/47 MP: 5/5
  2550 | Sewer    | Killed a big kobold
  2551 | Sewer    | Reached skill level 5 in Fighting
  2551 | Sewer    | Reached skill level 7 in Axes
  2715 | Sewer    | Found a white marble altar of Elyvilon.
  2779 | D:3      | Killed from afar by an orc priest

Illustrated notes

Levels and vault maps discovered:
D:1:      sevenhm_arrival_forest_fort_small_4, layout_loops_ring, minmay_3d_cube
D:2:      layout_loops_corners, overflow_temple_1_default, lemuel_doored_altar
D:3:      layout_basic, gammafunk_temple_overflow_elements,
          portal_sewer_entry_d, minmay_goblin_outpost, uniq_ijyb

Skill      XL: |  1  2  3  4  5 |
---------------+----------------+-----
Fighting       | 4 5 |  5.2
Axes           | 5 6 7 |  7.1
Dodging        | |  2.4
Stealth        | |  1.5

Action                   |  1- 3 |  4- 6 || total
-------------------------+-------+-------++-------
Melee: Hand axe          |    11 |    30 ||    41
       Dagger            |    81 |   104 ||   185
Invok: Smiting           |       |     2 ||     2
       Convert to Beogh  |       |     1 ||     1
  Use: Scroll            |       |     4 ||     4
       Potion            |       |     2 ||     2
Armor: Robe              |     1 |       ||     1
       Scale mail        |    34 |    60 ||    94
Dodge: Dodged            |    44 |   103 ||   147
